 Dungeon Crawl Stone Soup version 0.31-a0-408-gb642c7f9a3 (webtiles) character file.

Game seed: 4502476470038921705

4880 floatRand the Grappler (level 10, 0/71 HPs)
             Began as a Pale Draconian Shapeshifter on July 29, 2023.
             Was a Follower of Wu Jian.
             Slain by Erica
             ... wielding a +1 scimitar of flaming
              (8 damage)
             ... on level 8 of the Dungeon.
             The game lasted 00:09:01 (8233 turns).

floatRand the Grappler (DrSh)                       Turns: 8233, Time: 00:09:02

Health: 0/71       AC:  7    Str: 18    XL:     10   Next: 26%
Magic:  10/10      EV: 12    Int:  8    God:    Wu Jian [*.....]
Gold:   368        SH:  0    Dex: 16    Spells: 3/9 levels left

rFire   . .          .
                       - Unarmed
rCold   . . .        (no shield)
rNeg    . . .        (body armour unavailable)
rPois   .            (helmet currently unavailable)
rElec   .            (cloak currently unavailable)
rCorr   .            (gloves currently unavailable)
SInv    .            (boots currently unavailable)
Will    .....        w - amulet of regeneration
Stlth   +            (no ring)
HPRegen 1.11/turn    (no ring)
MPRegen 0.12/turn

%: no passive effects
@: short of breath, beast-form
A: beast (slay +5), breathe steam, AC +7, unfitting armour, cold-blooded, steam
resistance
a: Breathe Steam, Begin Untransformation, Renounce Religion


You were on level 8 of the Dungeon.
You worshipped Wu Jian.
Wu Jian was aware of your devotion.
You were a hulking beast.
You visited 2 branches of the dungeon, and saw 9 of its levels.
You also visited: Sewer.

You collected 368 gold pieces.

Inventory:

Missiles
 v - a throwing net
Armour
 e - a +1 hat
 t - a +0 pair of boots
Jewellery
 d - an amulet of faith
 l - an amulet of reflection
 w - an amulet of regeneration (around neck)
 y - a ring of see invisible
Talismans
 b - a beast talisman
Wands
 h - a wand of paralysis (14)
 x - a wand of flame (25)
Scrolls
 a - a scroll of butterflies {unknown}
 c - 4 scrolls of identify
 f - 2 scrolls of enchant weapon
 i - a scroll of immolation
 k - 2 scrolls of teleportation
 m - a scroll of blinking
 n - 2 scrolls of fog
 u - a scroll of torment {unknown}
Potions
 g - a potion of berserk rage
 j - 5 potions of curing
 o - 2 potions of brilliance
 p - 3 potions of attraction {unknown}
 q - a potion of magic {unknown}
 r - a potion of heal wounds {unknown}
 s - a potion of might {unknown}
 z - a potion of cancellation {unknown}


   Skills:
 - Level 1.1 Fighting
 - Level 1.7 Dodging
 * Level 11.9 Unarmed Combat
 + Level 3.4 Translocations
 * Level 8.2 Shapeshifting


You had 3 spell levels left.
You knew the following spells:

 Your Spells              Type           Power      Damage    Failure   Level
a - Manifold Assault      Tloc           5%         N/A       71%         4
b - Blink                 Tloc           10%        N/A       16%         2

Your spell library contained the following spells:

 Spells                   Type           Power      Damage    Failure   Level
 Kiss of Death            Conj/Necr      0%         2d5       41%         1
 Ensorcelled Hibernation  Hex/Ice        0%         N/A       54%         2
 Passwall                 Tmut/Erth      0%         N/A       54%         2
 Sublimation of Blood     Necr           0%         N/A       54%         2
 Wereblood                Tmut           0%         N/A       54%         2
 Confusing Touch          Hex            0%         N/A       78%         3
 Swiftness                Air            0%         N/A       78%         3
 Tukima's Dance           Hex            0%         N/A       78%         3
 Animate Dead             Necr           0%         N/A       99%         4
 Dispel Undead            Necr           0%         3d6       99%         4
 Yara's Violent Unravell  Hex/Tmut       0%         3d3       100%        5
 Haunt                    Necr/Summ      0%         N/A       100%        7
 Summon Hydra             Summ           0%         N/A       100%        7
 Infestation              Necr           0%         N/A       100%        8


Dungeon Overview and Level Annotations

Branches:
Dungeon (8/15)             Temple (1/1) D:7           Sewer (visited)
   Lair: D:8-11

Altars:
Ashenzari
Cheibriados
Dithmenos
Elyvilon
Fedhas
Gozag
Hepliaklqana
Kikubaaqudgha
Makhleb
Nemelex Xobeh
Okawaru
Qazlal
Ru
Sif Muna
Trog
Uskayaw
Vehumet
Wu Jian
Xom
Yredelemnul
Zin
The Shining One

Shops:
D:4 [

Annotations:
D:6 3 runed translucent doors, floatRand's ghost, novice DrSh
D:8 Erica


Innate Abilities, Weirdness & Mutations

You are a hulking beast.
Your limbs bulge with bestial killing power. (Slay +5)
You can breathe blasts of scalding, opaque steam.
Your pale cyan-grey scales are hard. (AC +7)
You cannot fit into any form of body armour.
You are cold-blooded and may be slowed by cold attacks.
You are immune to the effects of steam.


Message History

The Council accepts your kill.
You see here a +0 club.
Unknown command.
You lunge at the gnoll.
You punch the gnoll!
You kill the gnoll!
The Council accepts your kill.
Things that are here:
a +0 whip; a +0 robe; a gnoll corpse Erica points at you and mumbles some strange words.
You resist with significant effort.
You see here a +0 club.
You punch Erica!
Erica is lightly wounded.
Erica hits you with a +1 scimitar of flaming!
Erica burns you!
Unknown command.
Unknown command.
You barely miss Erica.
Erica is lightly wounded.
Unknown command.
You pummel Erica!!
Erica is heavily wounded.
Erica hits you with a +1 scimitar of flaming!
Erica burns you.
You completely miss Erica.
Erica is heavily wounded.
Erica hits you with a +1 scimitar of flaming!
Erica burns you.
You barely miss Erica.
Erica is heavily wounded.
Erica hits you with a +1 scimitar of flaming!
Erica burns you.
You barely miss Erica.
Erica is heavily wounded.
You pummel Erica!!
Erica is almost dead.
Erica hits you with a +1 scimitar of flaming!
* * * LOW HITPOINT WARNING * * *
Erica burns you!
You die...

##### ....# ###.# ## ### ###.#
.. ..# .##.# . #.# ########
.##.# #.#.# #......# .##.#
###.#.###.##...## .##.#
#....)))..#.....# ....#
#.#.#h######...####### .####
#@## ##......... .# #@...<.#
#.######## .# ...$.....# #.#
.# ......##.# ##'## .## ######
#.# ##...## ..# ####.#
##.....## ..#
##.##.###.......##
..###########...#.##.).......#


You could see Erica.

Vanquished Creatures
  Gastronok (D:8)
  Maggie (D:7)
  Grinder (D:5)
  A steam dragon (D:8)
  Menkaure (D:6)
  A water moccasin (D:7)
  3 black bears
  3 orc warriors
  Pargi (Sewer)
  2 centaurs (D:8)
  A phantom (D:7)
  A kobold brigand (D:7)
  A bullfrog (D:8)
  Blork the orc (D:6)
  5 scorpions
  4 wights (D:5)
  5 killer bees (D:8)
  A howler monkey (D:5)
  A hound (D:5)
  9 orc priests
  3 gnoll boudas
  3 sleepcaps
  Ijyb (D:5)
  2 iguanas (D:6)
  8 orc wizards
  Robin (D:2)
  15 gnolls
  10 adders
  A white imp (D:5)
  2 ufetubi
  2 worms
  6 dart slugs
  36 orcs
  4 bats
  9 endoplasms
  8 giant cockroaches
  17 goblins
  12 hobgoblins
  3 jackals (D:4)
  17 kobolds
  2 quokkas
  8 ball pythons
  4 frilled lizards
  6 rats
224 creatures vanquished.

Vanquished Creatures (others)
  A kobold (D:7)
1 creature vanquished.

Grand Total: 225 creatures vanquished

Notes
Turn   | Place    | Note
-------+----------+-------------------------------------------
     0 | D:1      | floatRand the Draconian Shapeshifter began the quest for
                  | the Orb.
     0 | D:1      | Reached XP level 1. HP: 16/16 MP: 1/1
   100 | D:1      | Reached XP level 2. HP: 22/23 MP: 2/2
   452 | D:1      | Found a faded altar of an unknown god.
   461 | D:1      | Reached XP level 3. HP: 28/28 MP: 3/3
   726 | D:2      | Noticed Robin
   748 | D:2      | Reached skill level 4 in Unarmed Combat
  1162 | D:2      | Killed Robin
  1394 | D:2      | Reached XP level 4. HP: 35/35 MP: 4/4
  1431 | D:2      | Identified the +8 short sword of the Big Bang {protect,
                  | rElec Str-5 Int+2}
  1794 | D:2      | Got the Incunabulum of Sinister Deeds and the Wyrd
  2115 | D:3      | Identified the +1 chain mail of the Desolation of Salt {rF+
                  | SInv}
  2273 | D:3      | Found a blossoming altar of Fedhas.
  2351 | D:3      | Found a glowing golden altar of the Shining One.
  2568 | D:3      | Reached skill level 5 in Unarmed Combat
  2568 | D:3      | Reached XP level 5. HP: 32/40 MP: 5/5
  2908 | D:4      | Noticed a black bear
  3026 | D:3      | Killed a black bear
  3038 | D:4      | Reached XP level 6. HP: 39/47 MP: 6/6
  3167 | D:4      | Found Vonykhaw's Antique Armour Shop.
  3228 | D:4      | Found a glowing drain.
  3232 | Sewer    | Entered a sewer
  3306 | Sewer    | Noticed Pargi
  3313 | Sewer    | Killed Pargi
  3314 | Sewer    | Reached skill level 6 in Unarmed Combat
  3797 | D:4      | HP: 1/70 [scorpion (4)]
  4019 | D:4      | Your scales start taking on a pale cyan-grey colour.
  4019 | D:4      | Reached XP level 7. HP: 52/52 MP: 7/7
  4019 | D:4      | Gained mutation: You are immune to the effects of steam.
                  | [Pale Draconian growth]
  4073 | D:4      | Learned a level 4 spell: Manifold Assault
  4091 | D:5      | Entered Level 5 of the Dungeon
  4252 | D:5      | Reached skill level 7 in Unarmed Combat
  4252 | D:5      | Found a white marble altar of Elyvilon.
  4339 | D:5      | Reached skill level 5 in Shapeshifting
  4370 | D:5      | Noticed Grinder
  4403 | D:5      | Killed Grinder
  4404 | D:5      | Reached skill level 8 in Unarmed Combat
  4571 | D:5      | Reached XP level 8. HP: 59/59 MP: 8/8
  4847 | D:5      | Noticed Ijyb
  4869 | D:5      | You fall into a shaft and drop 2 floors!
  4880 | D:7      | Found a staircase to the Ecumenical Temple.
  4947 | Temple   | Entered the Ecumenical Temple
  5102 | D:7      | Reached skill level 9 in Unarmed Combat
  5228 | D:7      | Noticed Maggie
  5252 | D:7      | Killed Maggie
  5544 | D:7      | Reached skill level 10 in Unarmed Combat
  5604 | D:7      | Reached XP level 9. HP: 64/64 MP: 9/9
  5737 | D:6      | Found a sparkling altar of Nemelex Xobeh.
  5958 | D:6      | Noticed Menkaure
  5962 | D:6      | Killed Menkaure
  6015 | D:6      | Found a runed translucent gate.
  6015 | D:6      | Found a runed translucent gate.
  6015 | D:6      | Found a runed translucent gate.
  6020 | D:6      | Noticed floatRand's ghost (novice DrSh)
  6020 | D:6      | Noticed floatRand's ghost (novice DrSh)
  6049 | D:6      | Noticed Blork the orc
  6056 | D:6      | Killed Blork the orc
  6385 | D:6      | Learned a level 2 spell: Blink
  6641 | D:5      | Killed Ijyb
  7043 | D:5      | Found a broken altar of Ashenzari.
  7053 | D:5      | Found an ancient bone altar of Kikubaaqudgha.
  7053 | D:5      | Found a bloodstained altar of Trog.
  7066 | D:5      | Found an opulent altar of Gozag.
  7069 | D:5      | Found an ornate altar of the Wu Jian Council.
  7076 | D:5      | Became a worshipper of the Wu Jian Council
  7183 | D:7      | Reached skill level 1 in Translocations
  7412 | D:8      | Reached skill level 11 in Unarmed Combat
  7463 | D:8      | Noticed Gastronok
  7775 | D:8      | Killed Gastronok
  7776 | D:8      | Reached XP level 10. HP: 71/71 MP: 10/10
  8055 | D:8      | Reached * piety under Wu Jian
  8218 | D:8      | Noticed Erica
  8233 | D:8      | Slain by Erica

Illustrated notes

Levels and vault maps discovered:
D:1:      ldierk_walled_garden_2, layout_loops_ring,
          shapermc_ecumenical_altar_mp_ritualfount
D:2:      layout_loops_corners, uniq_robin
D:3:      layout_basic, mainiacjoe_overflow_paths, fedhas_altar_4, nrook_uturn,
          minmay_misc_feat_cross
D:4:      layout_gridville, gup_sewer_entry_bowl, serial_shops, shop
D:5:      layout_loops_ring, minmay_overflow_temple_star_hex,
          mainiacjoe_overflow_tiny_flanked, serial_co_window_serial,
          co_window_paths_a, co_window_paths_a, co_window_paths_a,
          co_window_paths_b, co_window_corner_a, co_window_unsneaky_path_d,
          co_window_corner_ca, co_window_corner_b, co_window_4corner_a,
          co_window_paths_d, glass_columns_b, glass_columns_a,
          kennysheep_generic_room_4, uniq_ijyb, uniq_grinder
D:6:      layout_loops_ring, nemelex_xobeh_ov_fountains_minmay,
          gammafunk_ghost_cemetery, uniq_menkaure, uniq_blork_the_orc
D:7:      layout_loops_ring, temple_statues, amcnicky_mini_rare_corridor_liquid,
          uniq_maggie
D:8:      layout_loops_corners, uniq_gastronok, uniq_erica
Temple:   nicolae_temple_god_jail

Skill      XL: |  1  2  3  4  5  6  7  8  9 |
---------------+----------------------------+-----
Unarmed Combat | 4 5 6 8 10 11 | 11.9
Shapeshifting  | 4 5 6 8 |  8.2
Translocations | 3 |  3.4
Fighting       | |  1.1
Dodging        | |  1.7

Action                     |  1- 3 |  4- 6 |  7- 9 | 10-12 || total
---------------------------+-------+-------+-------+-------++-------
  Melee: Unarmed           |   109 |   144 |   184 |    54 ||   491
         Tailslap          |    14 |    19 |    30 |     7 ||    70
         Punch             |     1 |     3 |     9 |     3 ||    16
Ability: Breathe Steam     |       |       |    19 |     3 ||    22
         Lunge             |       |       |     2 |     9 ||    11
         Whirlwind         |       |       |       |     3 ||     3
  Evoke: Wand              |       |     1 |       |       ||     1
    Use: Scroll            |       |     2 |     6 |       ||     8
         Potion            |       |     2 |     1 |       ||     3
   Stab: Sleeping          |     2 |     3 |       |       ||     5
 Armour: Skin              |    45 |    46 |    34 |    13 ||   138
  Dodge: Dodged            |    66 |    69 |    80 |    12 ||   227
  Block: Other             |       |    27 |    28 |       ||    55
         Reflection        |       |     1 |     1 |       ||     2

Table legend: (Time is in decaauts)
 A = Elapsed time spent in this place.
 B = Non-inter-level travel time spent in this place.
 C = Inter-level travel time spent in this place.
 D = Time resting spent in this place.
 E = Time spent auto-exploring this place.
 F = Levels seen in this place.
 G = Mean time per level.
                   A        B        C        D        E       F      G
               +--------+--------+--------+--------+--------+-----+--------+
         Total |   8199 |   8002 |    197 |   1101 |   5075 |  10 |  819.9 |
       Dungeon |   8023 |   7826 |    197 |   1101 |   4989 |   8 | 1002.9 |
        Temple |     27 |     27 |      0 |      0 |      0 |   1 |   27.0 |
         Sewer |    148 |    148 |      0 |      0 |     86 |   1 |  148.0 |
               +--------+--------+--------+--------+--------+-----+--------+

Top non-repeatable levels by time:
     D:5: 1316 daAuts
     D:7: 1153 daAuts
     D:1: 1100 daAuts
     D:3: 998 daAuts
     D:4: 959 daAuts
     D:2: 878 daAuts
     D:8: 817 daAuts
     D:6: 797 daAuts
   Sewer: 148 daAuts
  Temple: 27 daAuts
